Description

Sorry, i dont have time for a proper description!

Replay - Odyssee LE (11)

Build Order

Get SALT Encoding   

  12  0:01  SCV  
  13  0:13  SCV  
  14  0:19  Supply Depot  
  14  0:26  SCV  
  15  0:29  Refinery  
  15  0:43  Barracks  
  15  0:45  SCV  
  17  0:57  SCV  
  17  0:58  Refinery  
  17  1:09  SCV  
  18  1:21  SCV  
  19  1:31  Marine, Factory  
  20  1:33  SCV  
  21  1:42  Supply Depot  
  21  1:45  SCV  
  22  1:55  Barracks Reactor  
  22  1:59  Orbital Command  
  22  2:16  Starport, Factory Tech Lab  
  22  2:25  SCV  
  23  2:31  Marine x2  
  23  2:37  Siege Tank  
  29  2:50  Marine x2  
  31  2:53  Starport Reactor  
  31  2:57  Barracks  
  31  3:06  Supply Depot  
  31  3:27  Siege Tank, Marine x2  
  31  3:29  Supply Depot  
  31  3:30  Medivac  
  38  3:46  Barracks Tech Lab  
  38  3:47  Engineering Bay  
  38  3:49  Marine x2  
  38  3:51  Medivac  
  38  3:52  Action x3  Drop, Bunker at natural, Expand
Spawning Tool Build Advisor. Get it on Overwolf

Go to:

Details

  • Created by: TheBattleBeef
  • Published on: Sep 01, 2017
  • Modified on: Sep 01, 2017
  • Patch: 3.8.0
Show
View Real Time Build Order
Export as new Build Order

Comments (0)

There are no comments. Be the first!

Create an account to comment!